 Dungeon Crawl Stone Soup version 0.31-a0-345-g1ebeae05c6 (webtiles) character file.

Game seed: 13658983971255429654

74 promet the Magician (level 4, -3/28 HPs)
             Began as an Octopode Hedge Wizard on July 22, 2023.
             Slain by an orc
             ... wielding a +0 hand axe
              (6 damage)
             ... on level 3 of the Dungeon.
             The game lasted 00:08:09 (2985 turns).

promet the Magician (Octopode Hedge Wizard)         Turns: 2985, Time: 00:08:10

Health: -3/28      AC:  1    Str:  9    XL:     4   Next: 28%
Magic:  9/9        EV: 13    Int: 18    God:
Gold:   163        SH:  0    Dex: 11    Spells: 4/10 levels left

rFire   . . .        a - +0 dagger (freeze)
rCold   . . .        (no shield)
rNeg    . . .        b - +0 hat
rPois   .            (no amulet)
rElec   .            (no ring)
rCorr   .            (no ring)
SInv    .            (no ring)
Will    .....        (no ring)
Stlth   +++          (no ring)
HPRegen 0.24/turn    (no ring)
MPRegen 0.11/turn    (no ring)
                     (no ring)

%: no passive effects
@: no status effects
A: almost no armour, amphibious, 8 rings, camouflage 1, gelatinous body 1,
(nimble swimmer 1), tentacles
a: no special abilities


You were on level 3 of the Dungeon.
You visited 1 branch of the dungeon, and saw 3 of its levels.

You collected 163 gold pieces.

Inventory:

Hand Weapons
 a - a +0 dagger of freezing (weapon)
Missiles
 f - 15 stones
Armour
 b - a +0 hat (worn)
Wands
 i - a wand of flame (17)
Scrolls
 e - 2 scrolls of teleportation
 n - a scroll of revelation {unknown}
Potions
 d - 2 potions of enlightenment {unknown}
 g - a potion of berserk rage
 h - 2 potions of might {unknown}
 j - a potion of degeneration {unknown}
 k - a potion of brilliance {unknown}
 l - a potion of attraction {unknown}
 m - a potion of curing {unknown}


   Skills:
 * Level 1.2 Fighting
 + Level 1.1 Short Blades
 + Level 2.4 Dodging
 + Level 3.4 Stealth
 + Level 3.6 Spellcasting
 + Level 1.2 Conjurations
 + Level 1.1 Summonings
 + Level 1.0 Translocations


You had 4 spell levels left.
You knew the following spells:

 Your Spells              Type           Power      Damage    Failure   Level
a - Magic Dart            Conj           28%        1d4       10%         1
b - Slow                  Hex            12%        N/A       16%         1
c - Blink                 Tloc           12%        N/A       16%         2
d - Call Imp              Summ           14%        N/A       14%         2

Your spell library contained the following spells:

 Spells                   Type           Power      Damage    Failure   Level
 Cigotuvi's Dreadful Rot  Necr/Pois/Air  6%         N/A       24%         2
 Mephitic Cloud           Conj/Pois/Air  4%         N/A       36%         3
 Ignite Poison            Fire/Tmut/Pois 3%         N/A       43%         3
 Sticky Flame             Conj/Fire      5%         2d3       75%         4
 Ignition                 Fire           1%         3d3       100%        8


Dungeon Overview and Level Annotations

Branches:
Dungeon (3/15)

Altars:
Xom
The Shining One


Innate Abilities, Weirdness & Mutations

You cannot wear most types of armour.
You are amphibious.
You can wear up to eight rings at the same time.
Your skin changes colour to match your surroundings (Stealth+).
Your rubbery body absorbs attacks. (AC +1, EV +1)
((You are camouflaged when in or above water. (Stealth+)))
You have tentacles for arms and can constrict up to eight enemies at once.


Message History

A jackal comes into view.
You hear an angry hiss.
There is a shaft here.
An orc comes into view.
It is wielding a +0 hand axe and quivering silver javelins.
The jackal falls through a shaft!
The shaft crumbles and collapses.
Casting: Magic Dart (safe; 10% risk of failure)
Confirm with . or Enter, or press ? or * to list all spells.
Aiming: Magic Dart (safe; 10% risk of failure)
Press: ? - help, Shift-Dir - straight line, f - orc
Aim: an orc, wielding a +0 hand axe, wearing a +0 leather armour and quivering silver javelins (100% to hit)
The magic dart hits the orc but does no damage.
Casting: Magic Dart (safe; 10% risk of failure)
Confirm with . or Enter, or press ? or * to list all spells.
Aiming: Magic Dart (safe; 10% risk of failure)
Press: ? - help, Shift-Dir - straight line, f/p - orc
Aim: an orc, wielding a +0 hand axe, wearing a +0 leather armour and quivering silver javelins (100% to hit)
The magic dart hits the orc but does no damage.
The jackal barks! x2
The orc throws a silver javelin.
The silver javelin pierces through you!
A jackal comes into view.
Casting: Magic Dart (safe; 10% risk of failure)
Confirm with . or Enter, or press ? or * to list all spells.
A tiny devil pulls itself out of the air.
The jackal barks!
The orc throws a silver javelin.
The silver javelin pierces through you!
* * * LOW HITPOINT WARNING * * *
x2 The silver javelin closely misses your cerulean imp.
You swap places.
The orc throws a silver javelin.
The silver javelin barely misses your cerulean imp.
The silver javelin pierces through you.
* * * LOW HITPOINT WARNING * * *
x2 Your cerulean imp hits the orc from afar with a -4 spear.
Magic courses through your body.
Your cerulean imp closely misses the orc.
You swap places.
The orc throws a silver javelin.
The silver javelin closely misses you.
A ball python comes into view.
The orc hits you with a +0 hand axe.
You die...

#. ##>##
#.###.## ###
#...## #..
!... ###.# #.#
...# #...# #.#
...### #.###
#.# hh...#
####.#### #5#
.....#
#.......# #.#
....)#
#.#####.#
#@######h...#
#.# #.#
#.ohhS......#
#.# #.#
#.#######.#.#
#.# #.#
#.........#
#.# #.#
##.#######.
#.♣♣♣♣♣♣♣♣♣..#
#♣.........♣.#
♣.≈≈≈≈≈≈≈.♣[#
♣≈..≈≈≈..≈♣.#


You could see an orc (ally target), 2 jackals, a ball python (distracted) and a
friendly cerulean imp (summoned).

Vanquished Creatures
  3 adders
  A worm (D:2)
  A dart slug (D:1)
  4 ball pythons
  9 bats
  2 endoplasms (D:1)
  3 giant cockroaches (D:1)
  5 hobgoblins (D:1)
  2 jackals (D:1)
  A kobold (D:2)
  A quokka (D:2)
  A frilled lizard (D:1)
  2 goblins (D:1)
  3 rats (D:1)
38 creatures vanquished.

Vanquished Creatures (collateral kills)
  A frilled lizard (D:3)
  A rat (D:1)
2 creatures vanquished.

Grand Total: 40 creatures vanquished

Notes
Turn   | Place    | Note
-------+----------+-------------------------------------------
     0 | D:1      | promet the Octopode Hedge Wizard began the quest for the
                  | Orb.
     0 | D:1      | Reached XP level 1. HP: 11/11 MP: 4/4
   160 | D:1      | Reached XP level 2. HP: 14/18 MP: 0/6
   413 | D:1      | Learned a level 1 spell: Slow
   416 | D:1      | Learned a level 2 spell: Blink
   419 | D:1      | Learned a level 2 spell: Call Imp
   715 | D:1      | Reached XP level 3. HP: 20/22 MP: 1/7
  1859 | D:2      | Reached skill level 1 in Fighting
  1859 | D:2      | Reached skill level 1 in Short Blades
  2296 | D:2      | Found a shimmering altar of Xom.
  2507 | D:2      | Reached XP level 4. HP: 28/28 MP: 9/9
  2548 | D:2      | Found a faded altar of an unknown god.
  2554 | D:2      | You fall into a shaft and drop 1 floor!
  2920 | D:3      | Found a glowing golden altar of the Shining One.
  2979 | D:3      | HP: 1/28 [orc/silver javelin (1)]
  2985 | D:3      | Slain by an orc

Illustrated notes

Levels and vault maps discovered:
D:1:      dpeg_arrival_erosion, layout_basic, st_stairs_1
D:2:      layout_basic, basic_altar, hellmonk_ecumenical_altar_leap_of_faith
D:3:      layout_loops_ring, mainiacjoe_overflow_paths, gammafunk_ghost_cemetery

Skill      XL: |  1  2  3 |
---------------+----------+-----
Stealth        | 3 |  3.4
Fighting       | 1 |  1.2
Short Blades   | 1 |  1.1
Dodging        | |  2.4
Spellcasting   | |  3.6
Conjurations   | |  1.2
Summonings     | |  1.1
Translocations | |  1.0

Action                     |  1- 3 |  4- 6 || total
---------------------------+-------+-------++-------
  Melee: Dagger            |    69 |     3 ||    72
         Tentacles         |     9 |     1 ||    10
         Constrict         |    14 |     1 ||    15
         Punch             |     1 |       ||     1
   Cast: Magic Dart        |    32 |     8 ||    40
         Call Imp          |     6 |     2 ||     8
    Use: Scroll            |     1 |     3 ||     4
         Potion            |       |     1 ||     1
   Stab: Sleeping          |     6 |       ||     6
 Armour: Skin              |     4 |       ||     4
  Dodge: Dodged            |    49 |     3 ||    52

Table legend: (Time is in decaauts)
 A = Elapsed time spent in this place.
 B = Non-inter-level travel time spent in this place.
 C = Inter-level travel time spent in this place.
 D = Time resting spent in this place.
 E = Time spent auto-exploring this place.
 F = Levels seen in this place.
 G = Mean time per level.
                   A        B        C        D        E       F      G
               +--------+--------+--------+--------+--------+-----+--------+
         Total |   2982 |   2920 |     62 |   1122 |   1162 |   3 |  994.0 |
       Dungeon |   2982 |   2920 |     62 |   1122 |   1162 |   3 |  994.0 |
               +--------+--------+--------+--------+--------+-----+--------+

Top non-repeatable levels by time:
     D:1: 1706 daAuts
     D:2: 845 daAuts
     D:3: 430 daAuts
